 Dungeon Sprint DCSS version 0.31-a0-868-g674d60d6f7 (webtiles) character file.

Game seed: 4996884510235356530

2393 rocky1 the Carver (level 9, -16/75 HPs)
             Began as a Djinni Gladiator on Oct 12, 2023.
             Was an Initiate of Gozag.
             Demolished by a tentacle (25 damage)
             ... attached to a kraken
             ... in the Dungeon (Sprint II: "The Violet Keep of Menkaure").
             The game lasted 00:08:18 (1208 turns).

rocky1 the Carver (Djinni Gladiator)                Turns: 1208, Time: 00:08:20

Health: -16/75     AC:  5    Str: 13    XL:     9   Next: 74%
Gold:   1257       EV: 18    Int: 10    God:    Gozag SH:  0 Dex: 21

rFire   + . .        h - +9 great sword "Dioruj" {freeze, Contam rElec Dex+2}
rCold   . . .        (shield currently unavailable)
rNeg    + . .        b - +0 leather armour
rPois   ∞            c - +0 helmet
rElec   +            (no cloak)
rCorr   .            (no gloves)
SInv    .            (boots unavailable)
Will    .....        (no amulet)
Stlth   ++           q - ring of ice
HPRegen 0.32/turn    u - ring of positive energy
MPRegen 0.00/turn

%: no teleportation, clarity, infuse magic (-17 HP)
@: flying
A: sickness immunity, fire resistance 2, cold vulnerability 1, float, innate
caster, HP casting, extra vitality 1, clarity, MP-powered wands
a: Renounce Religion, Potion Petition, Call Merchant, Bribe Branch


You were in the Dungeon.
You worshipped Gozag.
Gozag was most pleased with you.
You visited 1 branch You collected 2717 gold pieces.
You spent 920 gold pieces at shops.
You paid 540 gold pieces to Gozag.

Inventory:

Hand Weapons
 h - the +9 great sword "Dioruj" (weapon) {freeze, Contam rElec Dex+2}
   (You bought it in a shop in the Dungeon)

   Dex+2:     It affects your dexterity (+2).
   rElec:     It insulates you from electricity.
   Contam:    It causes magical contamination when unequipped.
Missiles
 e - a javelin
 r - 6 boomerangs
Armour
 b - a +0 leather armour (worn)
 c - a +0 helmet (worn)
Jewellery
 q - a ring of ice (left hand)
 s - a ring of resist corrosion
 u - a ring of positive energy (right hand)
Scrolls
 f - 2 scrolls of immolation {unknown}
 i - 2 scrolls of amnesia {unknown}
 j - a scroll of blinking
 l - a scroll of silence {unknown}
 m - a scroll of fog
 n - 6 scrolls of identify
 o - a scroll of torment {unknown}
 x - a scroll of revelation {unknown}
 y - a scroll of enchant armour {unknown}
Potions
 d - 4 potions of mutation
 g - a potion of heal wounds
 k - a potion of might {unknown}
 p - 3 potions of magic {unknown}
 t - 3 potions of resistance {unknown}
 v - 4 potions of enlightenment {unknown}
 w - a potion of lignification {unknown}
 z - 2 potions of degeneration {unknown}
 A - a potion of curing


   Skills:
 + Level 10.6 Fighting
 * Level 13.6 Long Blades
 - Level 1.5 Throwing
 - Level 8.1 Armour
 - Level 9.6 Dodging


You knew the following spells:

 Your Spells              Type           Power      Damage    Failure   Level
a - Slow                  Hex            0%         N/A       43%         1
b - Static Discharge      Conj/Air       0%         2-2/arc   56%         2
c - Inner Flame           Hex/Fire       0%         N/A       80%         3
d - Summon Guardian Gole  Hex/Summ       0%         N/A       80%         3
Your spell library was empty.

Dungeon Overview and Level Annotations

Branches:
Dungeon (1/1)

Altars:
Cheibriados
Dithmenos
Elyvilon
Fedhas
Gozag
Hepliaklqana
Makhleb
Nemelex Xobeh
Okawaru
Qazlal
Ru
Trog
Uskayaw
Wu Jian
Xom
Yredelemnul
Zin
The Shining One
Jiyva
Lugonu

Shops:
D :![=!?*[=:[[((!

Annotations:
D exclusions: oklob plant and orange crystal statue, Roxanne


Innate Abilities, Weirdness & Mutations

You are immune to sickness and miasma.
You are immune to poison.
Your flesh is very heat resistant. (rF++)
You are vulnerable to cold. (rC-)
You float through the air rather than walking.
You learn spells naturally, not from books.
Your magical power is your life essence.
You have superior vitality. (+4 MHP)
You possess an exceptional clarity of mind.
You expend health (3 HP) to strengthen your wands.


Message History

You see here a +0 ring mail.
You see here a +0 ring mail.
Okay, then.
You reach down and open the door.
Tentacles burst out of the water! 3 tentacles come into view.
There is an open door here.
The tentacle closely misses you.
You hit the tentacle. You freeze the tentacle.
The tentacle is moderately wounded.
The tentacle slaps you. The tentacle completely misses you.
You hit the tentacle. You freeze the tentacle.
The tentacle is moderately wounded.
The tentacle slaps you! x2
You slice the tentacle!! You freeze the tentacle.
The tentacle is almost dead.
The tentacle slaps you but does no damage.
The tentacle barely misses you.
You slice the tentacle!! You freeze the tentacle.
You kill the tentacle!
You slice the tentacle!! You freeze the tentacle!
The tentacle is severely wounded.
The tentacle slaps you!! The tentacle misses you.
You slash the tentacle! You freeze the tentacle.
You kill the tentacle!
The tentacle slaps you!
* * * LOW HITPOINT WARNING * * *
You feel much better. The tentacle completely misses you.
The tentacle misses you.
You slice the tentacle!! You freeze the tentacle!
The tentacle is almost dead.
The tentacle slaps you!!
* * * LOW HITPOINT WARNING * * *
You barely miss the tentacle.
The tentacle is almost dead.
The tentacle slaps you!
* * * LOW HITPOINT WARNING * * *
The tentacle slaps you!!
You die...
Your body crumbles into a pile of gold.

#)○▓▓▓▓▓▓▓▓▓▓▓
#|)▓......).▓▓
#=|▓.[..[..)▓▓
+.##.#):▓.....:).▓▓
^..####▓)).)...(▓▓
#..##.#▓..)..).[▓▓
+..#..#▓..:.....▓▓
#..#..#▓...))[[.▓▓
###^.##.#▓..[(..@.▓▓
.###...##▓▓▓▓▓▓▓w▓▓▓▓+▓
§§.~~~~~)~~~~~~~.──X≈≈▓
§.§~#'########+###.w≈≈▓
§§§~#.._.....#§S~##≈≈≈▓
~~§~#._._....#~~§§####▓
~~~~#_._._...#§~§§≈#
≈~~§#._._._..#~~~§§≈
≈≈≈~#_._._._.#~~~§§§


You could see a kraken and 2 tentacles.

Vanquished Creatures
  A yaktaur (D)
  3 polar bears (D)
  A hornet (D)
  2 wyverns (D)
  4 neqoxecs (D)
  2 water moccasins (D)
  5 scorpions (D)
  3 worms (D)
  2 tentacles (D)
23 creatures vanquished.

Vanquished Creatures (others)
  Menkaure (D)
1 creature vanquished.

Grand Total: 24 creatures vanquished

Notes
Turn   | Place    | Note
-------+----------+-------------------------------------------
     0 | D        | rocky1 the Djinni Gladiator began the quest for the Orb.
     0 | D        | Reached XP level 1. HP: 18/18 MP: 0/0
     1 | D        | Noticed a scorpion
     1 | D        | Noticed a scorpion
     7 | D        | Killed a scorpion
     8 | D        | Reached skill level 5 in Long Blades
     8 | D        | Reached XP level 2. HP: 15/26 MP: 0/0
     8 | D        | Reached XP level 3. HP: 18/31 MP: 0/0
     8 | D        | Learned a level 1 spell: Slow
     8 | D        | Reached XP level 4. HP: 22/37 MP: 0/0
    15 | D        | Killed a scorpion
    16 | D        | Reached skill level 6 in Long Blades
    16 | D        | Reached skill level 5 in Dodging
    16 | D        | Reached XP level 5. HP: 28/42 MP: 0/0
    16 | D        | Learned a level 2 spell: Static Discharge
    82 | D        | Reached skill level 5 in Fighting
   127 | D        | Killed Menkaure
   151 | D        | Reached skill level 7 in Long Blades
   151 | D        | Reached skill level 5 in Armour
   151 | D        | Reached XP level 6. HP: 49/49 MP: 0/0
   154 | D        | Noticed Roxanne
   156 | D        | Noticed a water moccasin
   171 | D        | Killed a water moccasin
   172 | D        | Reached skill level 8 in Long Blades
   178 | D        | Found a stormy altar of Qazlal.
   179 | D        | Found a hazy altar of Hepliaklqana.
   179 | D        | Found a sacrificial altar of Ru.
   179 | D        | Found an ornate altar of the Wu Jian Council.
   180 | D        | Found a viscous altar of Jiyva.
   180 | D        | Found a shimmering altar of Xom.
   181 | D        | Found a snail-covered altar of Cheibriados.
   181 | D        | Found a bloodstained altar of Trog.
   182 | D        | Found a shadowy altar of Dithmenos.
   182 | D        | Found a corrupted altar of Lugonu.
   183 | D        | Found a white marble altar of Elyvilon.
   183 | D        | Found a burning altar of Makhleb.
   184 | D        | Found a blossoming altar of Fedhas.
   186 | D        | Found an opulent altar of Gozag.
   186 | D        | Found a glowing golden altar of the Shining One.
   186 | D        | Found a basalt altar of Yredelemnul.
   186 | D        | Found a hide-covered altar of Uskayaw.
   186 | D        | Found a sparkling altar of Nemelex Xobeh.
   187 | D        | Found a glowing silver altar of Zin.
   187 | D        | Found an iron altar of Okawaru.
   190 | D        | Noticed a water moccasin
   190 | D        | Noticed a water moccasin
   194 | D        | Noticed a flying skull
   195 | D        | Noticed a flying skull
   195 | D        | Became a worshipper of Gozag Ym Sagoz the Greedy
   305 | D        | Noticed a wyvern
   305 | D        | Noticed a wyvern
   313 | D        | Killed a wyvern
   314 | D        | Reached skill level 9 in Long Blades
   314 | D        | Reached XP level 7. HP: 56/57 MP: 0/0
   314 | D        | Learned a level 3 spell: Inner Flame
   316 | D        | Killed a wyvern
   378 | D        | Noticed a water moccasin
   395 | D        | Killed a water moccasin
   396 | D        | Reached skill level 10 in Long Blades
   396 | D        | Reached XP level 8. HP: 48/64 MP: 0/0
   472 | D        | Found Gurieheo's Antique Weapon Emporium.
   473 | D        | Found Wivonniz's Jewellery Emporium.
   473 | D        | Found Daagaby's Distillery.
   473 | D        | Found Aconoshrywam's Antique Armour Shoppe.
   473 | D        | Found Kil Tyox's Armour Shoppe.
   473 | D        | Found Tut Oxyn's Jewellery Emporium.
   473 | D        | Found Suaqytul's Antique Weapon Shoppe.
   473 | D        | Found Anwodipt's Assorted Antiques.
   473 | D        | Found Cucam's Distillery.
   473 | D        | Found Woteolel's Book Emporium.
   473 | D        | Gained mutation: You occasionally shout uncontrollably at
                  | your foes. [a neqoxec]
   474 | D        | Found Enwoph's Antique Armour Shoppe.
   474 | D        | Found Ryrchay's Magic Scroll Emporium.
   474 | D        | Found Wosheheu's Antique Armour Shoppe.
   474 | D        | Found Migya's Distillery.
   475 | D        | Gained mutation: You are weak. (Str -2) [a neqoxec]
   480 | D        | Gained mutation: Potions are less effective at restoring
                  | your health. [a neqoxec]
   489 | D        | Reached skill level 11 in Long Blades
   685 | D        | Noticed an oklob plant
   686 | D        | Found Keeruef's Book Shoppe.
   693 | D        | Noticed a fire dragon
   696 | D        | Bought 2 potions of mutation for 160 gold pieces
   696 | D        | Bought a potion of mutation for 80 gold pieces
   696 | D        | Bought a potion of mutation for 80 gold pieces
   696 | D        | Lost mutation: Potions are less effective at restoring your
                  | health. [potion of mutation]
   696 | D        | Lost mutation: You are weak. (Str -2) [potion of mutation]
   696 | D        | Lost mutation: You occasionally shout uncontrollably at
                  | your foes. [potion of mutation]
   696 | D        | Gained mutation: You expend health (3 HP) to strengthen
                  | your wands. [potion of mutation]
   696 | D        | Gained mutation: You possess an exceptional clarity of
                  | mind. [potion of mutation]
   709 | D        | Bought a steaming great sword for 322 gold pieces
   709 | D        | Identified the +9 great sword "Dioruj" {freeze, Contam
                  | rElec Dex+2} (You bought it in a shop in the Dungeon)
   720 | D        | Bought a scroll labelled DOD TORHADGH for 23 gold pieces
   720 | D        | Bought a glowing ruby potion for 20 gold pieces
   720 | D        | Bought a scroll labelled IDEAKYRAUN for 23 gold pieces
   726 | D        | Bought a potion of heal wounds for 70 gold pieces
   726 | D        | Bought a potion of heal wounds for 70 gold pieces
   731 | D        | Bought a scroll of fog for 48 gold pieces
   731 | D        | Bought a scroll of identify for 24 gold pieces
   777 | D        | Noticed an orange crystal statue
   796 | D        | Identified the +0 trident of the Boiling Point {heavy,
                  | Drain rN+ Int+3}
   820 | D        | Noticed a polar bear
   820 | D        | Noticed a polar bear
   821 | D        | Noticed a yaktaur
   821 | D        | Noticed a hornet
   829 | D        | Killed a polar bear
   830 | D        | Reached XP level 9. HP: 55/72 MP: 0/0
   830 | D        | Learned a level 3 spell: Summon Guardian Golem
   833 | D        | Killed a polar bear
   834 | D        | Reached skill level 12 in Long Blades
   835 | D        | Killed a hornet
   839 | D        | Killed a yaktaur
   840 | D        | Reached skill level 10 in Fighting
   840 | D        | Reached skill level 13 in Long Blades
   848 | D        | Noticed a polar bear
   854 | D        | Killed a polar bear
  1063 | D        | Noticed a kraken
  1075 | D        | Found the ring of the Tortoise {AC+8}
  1208 | D        | Demolished by a tentacle

Illustrated notes

Levels and vault maps discovered:
D:        the_violet_keep_of_menkaure [sprint2_stairs_cluster_1,
          sprint2_shoproom, sprint2_temple, sprint2_basic_supplies,
          sprint2_obstacle_4, sprint2_obstacle_7, sprint2_obstacle_6,
          sprint2_obstacle_3, sprint2_obstacle_5, sprint2_timed_cluster_1,
          sprint2_smallroom_cluster_1, sprint2_smallroom_final_cluster_1,
          sprint2_transparent_cluster_1, sprint2_second_timed_cluster_1,
          sprint2_sniper_area_1, sprint2_heavy_combat_area_1,
          sprint2_mutation_trap_area_1, sprint2_forest_area_1,
          sprint2_light_combat_area_1, sprint2_behind_water_1,
          sprint2_near_end_vault_1]

Skill      XL: |  1  2  3  4  5  6  7  8  9 |
---------------+----------------------------+-----
Fighting       | 3 4 5 6 7 9 10 | 10.6
Long Blades    | 5 6 7 9 10 11 13 | 13.6
Armour         | 3 5 6 7 8 |  8.1
Dodging        | 4 5 6 8 9 |  9.6
Throwing       | |  1.5

Action                     |  1- 3 |  4- 6 |  7- 9 || total
---------------------------+-------+-------+-------++-------
  Melee: Long sword        |     4 |    44 |    46 ||    94
         Great sword       |       |       |    28 ||    28
         Punch             |       |       |     2 ||     2
  Throw: Throwing net      |     1 |     3 |       ||     4
 Invoke: Potion Petition   |       |       |     1 ||     1
    Use: Potion            |       |     1 |     5 ||     6
   Stab: Distracted        |       |       |     1 ||     1
 Armour: Leather armour    |     1 |    17 |    43 ||    61
  Dodge: Dodged            |     1 |    22 |    52 ||    75

Table legend: (Time is in decaauts)
 A = Elapsed time spent in this place.
 B = Non-inter-level travel time spent in this place.
 C = Inter-level travel time spent in this place.
 D = Time resting spent in this place.
 E = Time spent auto-exploring this place.
 F = Levels seen in this place.
 G = Mean time per level.
                   A        B        C        D        E       F      G
               +--------+--------+--------+--------+--------+-----+--------+
         Total |   1197 |   1197 |      0 |    654 |      0 |   1 | 1197.0 |
       Dungeon |   1197 |   1197 |      0 |    654 |      0 |   1 | 1197.0 |
               +--------+--------+--------+--------+--------+-----+--------+

Top non-repeatable levels by time:
       D: 1197 daAuts
